 Dungeon Crawl Stone Soup version 0.29.1-1-gd02db6906a (webtiles) character file.

Game seed: 7969608329589669388

35 safid the Shooter (level 3, 0/31 HPs)
             Began as a Minotaur Hunter on Oct 20, 2022.
             Slain by a worm (9 damage)
             ... on level 2 of the Dungeon.
             The game lasted 00:00:55 (636 turns).

safid the Shooter (Minotaur Hunter)                  Turns: 636, Time: 00:00:56

Health: 0/31       AC:  3    Str: 15    XL:     3   Next: 16%
Magic:  2/2        EV: 12    Int:  6    God:
Gold:   48         SH:  0    Dex: 15    Spells: 2/2 levels left

rFire   . . .      SeeInvis .   a - +0 shortbow
rCold   . . .      Faith    .   (shield currently unavailable)
rNeg    . . .      Spirit   .   c - +0 leather armour
rPois   .          Reflect  .   (helmet restricted)
rElec   .          Harm     .   (no cloak)
rCorr   .          Rampage  .   (no gloves)
Will    .....                   (no boots)
Stlth   +.........              (no amulet)
HPRegen 0.10/turn               (no ring)
MPRegen 0.08/turn               (no ring)

@: no status effects
A: horns 2, retaliatory headbutt
a: no special abilities


You were on level 2 of the Dungeon.
You visited 1 branch of the dungeon, and saw 2 of its levels.

You collected 48 gold pieces.

Inventory:

Hand Weapons
 a - a +0 shortbow (weapon)
Armour
 c - a +0 leather armour (worn)
Scrolls
 b - a scroll of immolation
 e - a scroll of identify {unknown}
 g - a scroll of noise {unknown}
Potions
 d - a potion of haste {unknown}
 f - 2 potions of brilliance {unknown}


   Skills:
 - Level 3.0 Fighting
 + Level 5.3 Ranged Weapons
 - Level 2.1 Dodging
 - Level 0.7 Stealth


You had 2 spell levels left.
You didn't know any spells.
Your spell library was empty.

Dungeon Overview and Level Annotations

Branches:
Dungeon (1/15)

Altars:


Innate Abilities, Weirdness & Mutations

You have a pair of horns on your head.
You reflexively headbutt those who attack you in melee.


Message History

The ball python hisses angrily.
You shoot an arrow. The arrow hits the worm.
The worm is heavily wounded.
You shoot an arrow. The arrow hits the worm.
The worm is severely wounded.
You shoot an arrow. The arrow hits the worm.
The worm is almost dead.
You shoot an arrow.
The arrow hits the worm but does no damage.
The worm is almost dead.
The ball python bites you. The ball python grabs you.
The ball python constricts you. The worm bites you!
You shoot an arrow.
The arrow hits the ball python but does no damage.
The ball python barely misses you. The ball python constricts you.
The worm barely misses you. You furiously retaliate!
You headbutt the worm.
You kill the worm!
The ball python barely misses you. The ball python constricts you.
You shoot an arrow.
The arrow barely misses the ball python.
The ball python bites you. The ball python constricts you.
You shoot an arrow.
The arrow closely misses the ball python.
The ball python closely misses you. You furiously retaliate!
You headbutt the ball python!
You kill the ball python!
You shoot an arrow. The arrow hits the worm.
The worm is lightly wounded.
The worm bites you!
* * * LOW HITPOINT WARNING * * *
You are too injured to fight recklessly!
You are too injured to fight recklessly!
You are too injured to fight recklessly!
Fire: a) +0 shortbow
Press: ? - help, Q - select action Shift-Dir - straight line, f/p - worm
Aim: a worm (lightly wounded, 79% to hit)
You shoot an arrow. The arrow hits the worm!
The worm is moderately wounded.
The worm bites you!
You die...

#........$..
#...........
######
+?........!.
#....#
#...........
#....#
#.....>....<
#....#
#...†.......
#....#
#...†w.....#
#....######@#
#....†......#
#..........##
####.......#
#.........#
#.........#
#.....#####
#.....#
#.....#


You could see a worm.

Vanquished Creatures
  An adder (D:2)
  A worm (D:2)
  A dart slug (D:1)
  2 bats
  2 endoplasms (D:1)
  3 hobgoblins (D:1)
  4 jackals (D:1)
  2 ball pythons
  A frilled lizard (D:1)
  2 kobolds (D:1)
  A rat (D:1)
20 creatures vanquished.

Notes
Turn   | Place    | Note
-------+----------+-------------------------------------------
     0 | D:1      | safid the Minotaur Hunter began the quest for the Orb.
     0 | D:1      | Reached XP level 1. HP: 18/18 MP: 0/0
    46 | D:1      | Reached XP level 2. HP: 4/26 MP: 1/1
   383 | D:1      | Found a faded altar of an unknown god.
   581 | D:1      | Reached skill level 5 in Ranged Weapons
   606 | D:1      | You fall into a shaft and drop 1 floor!
   626 | D:2      | Reached XP level 3. HP: 31/31 MP: 2/2
   636 | D:2      | Slain by a worm

Illustrated notes

Levels and vault maps discovered:
D:1:      heliophobic_arrival_enchanted_forest, layout_basic,
          hellmonk_ecumenical_altar_pennies_from_heaven, minmay_distorted
D:2:      layout_basic, moated_statue, uniq_robin

Skill      XL: |  1  2 |
---------------+-------+-----
Fighting       | 3 |  3.0
Ranged Weapons | 5 |  5.3
Dodging        | |  2.1
Stealth        | |  0.7

Action                   || total
-------------------------++-------
 Fire: Shortbow          ||    64
Armor: Leather armour    ||    16
Dodge: Dodged            ||    35
